 Dungeon Crawl Stone Soup version 0.21-a0-91-ga5031da (webtiles) character file.

464 HAL9000 the Cutter (level 7, -1/34 HPs)
             Began as a Vine Stalker Assassin on June 29, 2017.
             Slain by an orc
             ... wielding a +0 war axe
              (4 damage)
             ... on level 3 of the Dungeon.
             The game lasted 00:08:28 (2576 turns).

HAL9000 the Cutter (Vine Stalker Assassin)          Turns: 2576, Time: 00:08:29

Health: -1/34      AC:  5    Str: 15    XL:     7   Next: 8%
Magic:  0/8        EV: 11    Int: 11    God:
Gold:   141        SH:  3    Dex: 16    Spells: 3/6 levels left

rFire    + . .     SeeInvis .   a - +2 dagger
rCold    x . .     Gourm    .   C - +0 buckler
rNeg     + . .     Faith    .   s - +1 robe {rN+}
rPois    .         Spirit   +   x - +0 helmet
rElec    .         Reflect  .   d - +0 cloak
rCorr    .         Harm     .   (no gloves)
MR       .....                  (no boots)
Stlth    +++.......             (no amulet)
HPRegen  0.51/turn              h - ring of fire
MPRegen  0.11/turn              (no ring)

@: no status effects
A: fangs 2, regeneration 1, magic shield, antimagic bite, no potion heal 3, rot
immunity
a: no special abilities


You were on level 3 of the Dungeon.
You were hungry.

You visited 1 branch of the dungeon, and saw 3 of its levels.

You collected 141 gold pieces.

Inventory:

Hand Weapons
 a - a +2 dagger (weapon)
 b - a +0 blowgun
Missiles
 e - 24 poisoned needles
 f - 2 curare-tipped needles
Armour
 d - a +0 cloak (worn)
 s - a +1 robe of positive energy (worn)
 x - a +0 helmet (worn)
 C - a +0 buckler (worn)
Jewellery
 h - a ring of fire (left hand)
Scrolls
 j - 2 scrolls of immolation {unknown}
 m - a scroll of identify {unknown}
 p - a scroll of teleportation {unknown}
 r - 3 scrolls of remove curse {unknown}
 t - a scroll of random uselessness {unknown}
 y - a scroll of fog {unknown}
 A - a scroll of recharging {unknown}
 B - a scroll of amnesia {unknown}
Potions
 k - 3 potions of heal wounds {unknown}
 n - 3 potions of curing
 w - a potion of haste {unknown}
Books
 u - a book of Misfortune

   Spells                             Type                      Level
   a - Confusing Touch                Hexes                        1
   b - Confuse                        Hexes                        3
   c - Gell's Gravitas                Translocation                3
   d - Petrify                        Transmutation/Earth          4
   e - Metabolic Englaciation         Hexes/Ice                    5
   f - Yara's Violent Unravelling     Hexes/Transmutation          5
Comestibles
 g - 2 bread rations
 l - a royal jelly
 z - a meat ration
 D - 7 chunks of flesh


   Skills:
 - Level 1.7 Fighting
 + Level 6.1 Short Blades
 - Level 1.7 Throwing
 - Level 0.7 Dodging
 - Level 4.8 Stealth
 + Level 0.0 Shields
 + Level 2.7 Hexes


You had 3 spell levels left.
You knew the following spells:

 Your Spells              Type           Power        Failure   Level  Hunger
x - Confuse               Hex            #.......     52%         3    ####...


Dungeon Overview and Level Annotations

Branches:
Dungeon (3/15)

Altars:
Elyvilon
Xom


Innate Abilities, Weirdness & Mutations

You have extremely sharp teeth.
Your natural rate of healing is unusually fast.
When hurt, damage is shared between your health and your magic reserves.
Your bite disrupts and absorbs the magic of your enemies.
Potions cannot restore your health.
You are immune to rotting.


Message History

Unknown command.
You have no ailments to cure.
You closely miss the orc wizard.
The orc wizard is severely wounded.
The orc wizard falters for a moment.
The orc priest calls upon Beogh to heal the orc wizard.
The orc wizard is healed somewhat.
You hit the orc wizard.
The orc wizard is severely wounded.
The orc barely misses you.
Unknown command.
You barely miss the orc wizard. Your bite misses the orc wizard.
The orc wizard is severely wounded.
The orc wizard closely misses you.
The orc priest hits you with a hand axe.
* * * LOW HITPOINT WARNING * * *
You hit the orc wizard. Your bite misses the orc wizard.
The orc wizard is almost dead.
The orc hits you with a war axe.
You die...

... # .. ##. .#
##..######### ##.#
............###..##
#.#.#.#.#.#.......#
..........o.###.#.....#
..⌠.....⌠...###o# ###..
....._.[(o...##@#
.o⌠....o⌠.....oo#
..............###
#.#.#.#.#.#...#
.)...........#
.#........##..######
#...<>............#
#........####.....# ###
.........# #.†...# ...


You could see an orc priest, an orc wizard and an orc.

Vanquished Creatures
  Sigmund (D:2)
  4 crimson imps (D:3)
  Jessica (D:3)
  Robin (D:2)
  4 adders
  An ooze (D:3)
  2 worms (D:2)
  A leopard gecko (D:1)
  5 orcs (D:3)
  5 giant cockroaches
  6 hobgoblins
  9 jackals
  A ball python (D:2)
  9 bats
  4 frilled lizards
  18 goblins
  3 kobolds
  6 rats
81 creatures vanquished.

Notes
Turn   | Place    | Note
-------+----------+-------------------------------------------
     0 | D:1      | HAL9000 the Vine Stalker Assassin began the quest for the Orb.
     0 | D:1      | Reached XP level 1. HP: 11/11 MP: 2/2
    42 | D:1      | Reached skill level 2 in Short Blades
   287 | D:1      | Reached XP level 2. HP: 13/15 MP: 3/3
   785 | D:1      | Reached skill level 3 in Short Blades
   873 | D:1      | Reached XP level 3. HP: 14/18 MP: 2/4
  1217 | D:2      | Noticed Sigmund
  1221 | D:2      | Killed Sigmund
  1221 | D:2      | Reached skill level 5 in Short Blades
  1221 | D:2      | Gained mutation: Your natural rate of healing is unusually fast. [Vine Stalker growth]
  1221 | D:2      | Reached XP level 4. HP: 23/23 MP: 5/5
  1221 | D:2      | Reached XP level 5. HP: 26/26 MP: 6/6
  1477 | D:2      | Learned a level 3 spell: Confuse
  1516 | D:2      | Reached XP level 6. HP: 29/30 MP: 5/7
  1842 | D:2      | Noticed Robin
  1865 | D:2      | Killed Robin
  1912 | D:2      | Reached skill level 1 in Hexes
  2320 | D:3      | Found a shimmering altar of Xom.
  2412 | D:3      | Reached skill level 6 in Short Blades
  2444 | D:3      | Noticed Jessica
  2451 | D:3      | Killed Jessica
  2451 | D:3      | Reached XP level 7. HP: 34/34 MP: 8/8
  2484 | D:3      | Found a white marble altar of Elyvilon.
  2576 | D:3      | Slain by an orc

Vault maps used:
D:1:      dpeg_arrival_long_road
D:2:      uniq_sigmund, uniq_robin
D:3:      led_xom_imps, elyvilon_altar_5, uniq_jessica

Skill      XL: |  1  2  3  4  5  6 |
---------------+-------------------+-----
Short Blades   | 2 3 5 6 |  6.1
Hexes          | 2 |  2.7
Fighting       | |  1.7
Throwing       | |  1.7
Dodging        | |  0.7
Stealth        | |  4.8

Action                   |  1- 3 |  4- 6 |  7- 9 || total
-------------------------+-------+-------+-------++-------
Melee: Dagger            |    92 |   192 |    47 ||   331
       Bite              |    19 |    57 |     7 ||    83
 Fire: Blowgun           |       |     1 |       ||     1
  Use: Potion            |       |       |     1 ||     1
 Stab: Sleeping          |     7 |     4 |     1 ||    12
  Eat: Chunk             |     1 |     4 |       ||     5
Armor: Robe              |    15 |    42 |    15 ||    72
Dodge: Dodged            |    45 |    78 |    27 ||   150
Block: Buckler           |       |       |     7 ||     7
